 Dungeon Crawl Stone Soup version 0.20.0-15-g7f486f2 (webtiles) character file.

370488 Inarius the Stormcaller (level 21, -5/189 HPs)
             Began as a Red Draconian Air Elementalist on June 11, 2017.
             Was the Champion of Nemelex Xobeh.
             Killed from afar by a shock serpent (26 damage)
             ... with a bolt of electricity
             ... led by an ironheart preserver
             ... on level 2 of the Vaults on June 14, 2017.
             The game lasted 09:23:35 (103987 turns).

Inarius the Stormcaller (DrAE)                    Turns: 103987, Time: 09:23:36

Health: -5/189     AC: 20    Str: 16    XL:     21   Next: 68%
Magic:  3/42       EV: 18    Int: 30    God:    Nemelex Xobeh [******]
Gold:   1665       SH: 12    Dex: 18    Spells: 16/54 levels left

rFire    + + .     SeeInvis +   y - +8 spear of Ibohom {pierce, +Inv Int+7 Dex+6}
rCold    + . .     Gourm    +   I - +0 shield {reflect}
rNeg     . . .     Faith    .   (armour unavailable)
rPois    +         Spirit   .   (helmet restricted)
rElec    .         Reflect  +   G - +2 cloak {rPois}
rCorr    .         Harm     .   J - +2 pair of gloves {Str+3}
MR       +....     Rnd*Tele +   R - +2 pair of boots
Stlth    +++.......             Z - amulet of the gourmand
Regen    0.5/turn               M - ring of see invisible
MPRegen  0.3/turn               g - ring "Zetwuu" {rF+ rC+}

@: no status effects
A: breathe fire, unfitting armour, big wings, hooves 1, camouflage 1, blink,
fire resistance 1, mutation resistance 1, sense surroundings 1, teleportitis 1,
cold-blooded, AC +11
}: 2/15 runes: serpentine, barnacled
a: Breathe Fire, Fly, Blink, Triple Draw, Deal Four, Stack Five, Renounce
Religion, Evoke Invisibility


You were on level 2 of the Vaults.
You worshipped Nemelex Xobeh.
Nemelex Xobeh was exalted by your worship.
You were very full.

You visited 7 branches of the dungeon, and saw 36 of its levels.
You also visited: Labyrinth and Ice Cave.

You collected 3727 gold pieces.
You spent 2062 gold pieces at shops.

Inventory:

Hand Weapons
 y - the +8 spear of Ibohom (weapon) {pierce, +Inv Int+7 Dex+6}
   (You found it on level 6 of the Dungeon)

   It inflicts extra damage upon your enemies.
   It affects your intelligence (+7).
   It affects your dexterity (+6).
   It lets you turn invisible.
Armour
 D - a +3 shield of positive energy
 G - a +2 cloak of poison resistance (worn)
 I - a +0 shield of reflection (worn)
 J - a +2 pair of gloves of strength (worn)
 R - a +2 pair of boots (worn)
Magical Staves
 U - an uncursed staff of wizardry
Jewellery
 g - the ring "Zetwuu" (right hand) {rF+ rC+}
   (You acquired it on level 14 of the Dungeon)

   [ring of protection from fire]

   It protects you from fire.
   It protects you from cold.
 j - an uncursed ring of see invisible
 k - an uncursed ring of fire
 o - an uncursed ring of protection from magic
 u - the amulet "Lailiq" {Reflect Int+2 SH+2}
   (You bought it in a shop on level 2 of the Snake Pit)

   [amulet of reflection]

   It shields you and reflects attacks.
   It affects your intelligence (+2).
   It affects your SH (+2).
 C - an uncursed ring of protection from cold
 M - a ring of see invisible (left hand)
 S - an uncursed ring of protection from magic
 Z - an amulet of the gourmand (around neck)
Wands
 W - a wand of digging (24/24) (quivered)
Scrolls
 c - 4 scrolls of teleportation
 d - 2 scrolls of blinking
 f - 4 scrolls of recharging
 h - 14 scrolls of remove curse
 n - 3 scrolls of identify
 p - 2 scrolls of enchant weapon
 q - 4 scrolls of fog
 F - 3 scrolls of fear
 K - 4 scrolls of magic mapping
 L - a scroll of holy word
 Y - 8 scrolls of amnesia
Potions
 a - 3 potions of agility
 l - 10 potions of curing
 t - 5 potions of resistance
 v - 3 potions of magic
 x - 2 potions of cancellation
 z - 4 potions of might
 A - a potion of haste
 H - 7 potions of brilliance
 P - a potion of invisibility
 X - 2 potions of ambrosia
Miscellaneous
 b - a legendary deck of destruction
 e - a legendary deck of destruction {drawn: 9}
 m - an ornate deck of destruction {drawn: 1}
 s - a fan of gales
 w - an ornate deck of escape {drawn: 5}
 E - a legendary deck of destruction {drawn: 2}
 N - an ornate deck of destruction
 V - an ornate deck of destruction {drawn: 6}
Comestibles
 i - a bread ration
 r - 8 royal jellies
 O - 8 meat rations
 Q - 4 fruits


   Skills:
 * Level 16.3 Fighting
 + Level 8.9 Dodging
 - Level 1.7 Stealth
 * Level 9.7 Shields
 + Level 17.0 Spellcasting
 * Level 17.0 Conjurations
 + Level 5.3 Charms
 + Level 6.7 Summonings
 + Level 18.2 Air Magic
 * Level 15.9 Invocations
 + Level 0.2 Evocations


You had 16 spell levels left.
You knew the following spells:

 Your Spells              Type           Power        Failure   Level  Hunger
a - Shock                 Conj/Air       ####         0%          1    None
b - Swiftness             Chrm/Air       #######.     1%          2    None
c - Static Discharge      Conj/Air       #######.     0%          3    None
d - Airstrike             Air            #######...   1%          4    None
e - Summon Lightning Spi  Summ/Air       #######.     1%          4    None
f - Lightning Bolt        Conj/Air       #######...   1%          5    None
g - Iskenderun's Mystic   Conj           #######.     1%          4    None
h - Conjure Ball Lightni  Conj/Air       #######...   1%          6    ##.....
i - Tornado               Air            #######...   78%         9    #######


Dungeon Overview and Level Annotations

Branches:
Dungeon (15/15)            Temple (0/1) D:7            Lair (6/6) D:8
 Shoals (4/4) Lair:3        Snake (4/4) Lair:2        Slime (0/5) Lair:6
    Orc (2/2) D:10            Elf (2/3) Orc:2        Vaults (3/5) D:13
  Crypt (0/3) Vaults:3     Depths (0/5) D:15

Altars:
Fedhas
Gozag
Hepliaklqana
Kikubaaqudgha
Makhleb
Nemelex Xobeh
Qazlal
Ru
Sif Muna
Trog
Xom
Yredelemnul
Zin
The Shining One
Beogh
Jiyva

Shops:
Orc:2 [**(   Elf:1 ?   Elf:2 }   Shoals:3 [   Snake:2 =}=   Snake:3 *
Vaults:1 (


Innate Abilities, Weirdness & Mutations

You can breathe blasts of fire.
Your fiery red scales are hard. (AC +11)
You cannot fit into any form of body armour.
Your flesh is heat resistant. (rF+)
You are cold-blooded and may be slowed by cold attacks.
Your large and strong wings let you fly indefinitely.
You have large cloven feet.
Your skin changes colour to match your surroundings (Stealth+).
You can translocate small distances at will.
You are somewhat resistant to further mutation.
You passively map a small area around you.
You are occasionally teleported next to monsters.


Message History

The shock serpent is moderately wounded.
You block the shock serpent's attack.
You puncture the shock serpent!
The shock serpent is heavily wounded.
The shock serpent's electric aura discharges, shocking you!
* * * LOW HITPOINT WARNING * * *
The shock serpent seems to return to its normal shape.
You block the shock serpent's attack.
The shock serpent bites you but does no damage.
You closely miss the shock serpent.
The shock serpent is moderately wounded.
The shock serpent bites you but does no damage.
You puncture the shock serpent!
The shock serpent is heavily wounded.
The shock serpent's electric aura discharges, shocking you!
* * * LOW HITPOINT WARNING * * *
The shock serpent shoots out a bolt of lightning at you!
The bolt of electricity hits you!
You die...
Your body glows slightly and disappears.

...#.........'...'.........#
...####..(####...####...####
...# #.#.'.........'.#.#
###### ...#
#...#.........#...# #....#
(..# #####.........#####
#..#.# (..# ########'##
#....# ...# #........#
#.#..# ...# #...8....#
#...)# ...# #..†S@...#
#..#.##
...#########..>.....#
#...)..
#####......#........#
#####..
....#......#....>...# #..
....#......#........# #(#
....#......)........# #..
...)#.....)########## #(#
....[......# #.#
...[#[..)..# #####.#


You could see a shock serpent and a friendly lightning spire.

Vanquished Creatures
  A juggernaut (Vaults:1)
  Bai Suzhen (Vaults:2)
  Asterion (Elf:1)
  Polyphemus (Shoals:2)
  4 krakens (Shoals:2)
  Kirke (Lair:5)
  2 tengu reavers (Vaults:2)
  Ilsuiw (Shoals:2)
  A deep elf sorcerer (Vaults:1)
  6 nagarajas
  A frost giant (IceCv)
  6 vault wardens
  9 ironheart preservers
  A ghoul (Vaults:3)
  A stone giant (Vaults:2)
  A very ugly thing (Vaults:2)
  An entropy weaver (Vaults:3)
  3 deep elf annihilators (Vaults:1)
  2 deep elf demonologists (Vaults:1)
  Azrael (Snake:1)
  Nessos (D:13)
  2 deep elf death magi
  6 merfolk javelineers
  4 fire dragons
  9 ogre magi
  7 merfolk impalers
  A great orb of eyes (Vaults:1)
  5 yaktaur captains
  10 naga warriors
  A rakshasa (D:15)
  9 vault guards
  5 hydras
  2 ice dragons
  Erica (Lair:2)
  A centaur warrior (D:13)
  10 anacondas
  A catoblepas (Shoals:2)
  4 merfolk avatars
  22 two-headed ogres
  21 dancing weapons
  A vampire mage (Vaults:3)
  An alligator snapping turtle (Shoals:1)
  5 merfolk aquamancers
  3 satyrs (Shoals:4)
  A deep troll earth mage (Vaults:1)
  An orc high priest (Orc:1)
  2 death knights
  5 death yaks
  10 shock serpents
  9 naga sharpshooters
  13 deep elf knights
  5 salamander mystics
  3 shadow wraiths
  4 naga ritualists
  A skeletal warrior (D:13)
  5 unseen horrors
  12 sea snakes
  A glowing orange brain (Vaults:1)
  A flayed ghost (Vaults:1)
  6 wizards
  13 deep elf archers
  3 large abominations (Elf:1)
  4 ironbrand convokers
  4 deep trolls
  A phantasmal warrior (Vaults:3)
  6 wolf spiders
  5 lindwurms
  13 orc knights
  11 mana vipers
  A wolf spider zombie (D:15)
  37 deep elf magi
  24 harpies
  A shining eye (shapeshifter) (Vaults:1)
  2 orc sorcerers
  2 necromancers
  15 fauns
  32 ugly things
  15 manticores
  6 salamanders
  6 cyclopes
  33 black mambas
  3 elephants
  2 centaur zombies (D:15)
  A molten gargoyle (Lair:5)
  An ice statue (IceCv)
  7 water nymphs
  11 merfolk sirens
  6 guardian serpents
  5 vault sentinels
  8 spiny frogs
  15 naga magi
  2 gargoyles
  5 komodo dragons
  3 rime drakes
  5 freezing wraiths
  12 yaktaurs
  3 kobold demonologists
  2 ice devils (Lair:4)
  6 wind drakes
  36 merfolk
  6 polar bears (IceCv)
  7 trolls
  40 slime creatures
  4 hornets
  Prince Ribbit (Lair:3)
  3 blink frogs (Lair:3)
  14 hippogriffs
  A raiju (shapeshifter) (Vaults:2)
  8 snapping turtles
  2 dream sheep (shapeshifter)
  A dream sheep (Shoals:2)
  2 shadows
  5 wyverns
  A redback (Vaults:3)
  A human (shapeshifter) (Vaults:1)
  11 humans (D:13)
  55 yaks
  A tarantella (shapeshifter) (Vaults:2)
  3 fire elementals
  13 water elementals
  A hog (Lair:5)
  2 wraiths
  4 basilisks
  5 hungry ghosts
  6 vampire mosquitoes (D:15)
  A soldier ant (D:14)
  21 nagas
  A swamp worm (shapeshifter) (Vaults:2)
  3 wargs
  6 hell hounds
  30 orc warriors
  15 water moccasins
  2 ice beasts
  6 porcupines
  5 sky beasts
  An elephant zombie (Lair:3)
  An eye of draining (shapeshifter) (Vaults:2)
  A black bear (D:10)
  6 phantoms
  A necrophage (D:14)
  An elf skeleton (Vaults:2)
  5 boggarts
  32 ogres
  8 wolves
  20 centaurs
  6 crocodiles
  2 elf zombies (Elf:1)
  8 bullfrogs
  2 big kobolds
  3 human zombies (Vaults:2)
  3 earth elementals
  A wyvern zombie (D:8)
  A wyvern skeleton (D:6)
  A scorpion (D:9)
  5 killer bees
  12 wights
  3 electric eels
  A howler monkey (D:12)
  10 crimson imps
  4 lava snakes (Lair:6)
  A quasit (D:6)
  8 hounds
  2 jellies
  11 orc priests
  A bullfrog skeleton (D:13)
  2 human simulacra (Vaults:2)
  17 orc wizards
  7 centaur skeletons
  5 iguanas
  3 hell rats (D:14)
  8 worker ants
  A crocodile zombie (Lair:3)
  2 hound skeletons
  A howler monkey zombie (D:10)
  4 gnolls (D:6)
  A howler monkey skeleton (D:7)
  17 adders
  2 shadow imps
  2 oozes (D:1)
  2 adder skeletons
  An adder zombie (D:9)
  4 worms
  4 dart slugs (D:1)
  7 leopard geckos
  79 orcs
  2 bats (D:1)
  2 bat zombies (D:2)
  4 giant cockroaches
  5 goblins
  10 hobgoblins
  19 jackals
  5 quokkas
  A ball python (D:4)
  3 frilled lizards
  A jackal zombie (D:5)
  25 kobolds
  11 rats
  A rat zombie (D:2)
  3 fungi
  18 plants
  A tentacle (Shoals:2)
1351 creatures vanquished.

Vanquished Creatures (collateral kills)
  Rupert (Lair:6)
  5 nagarajas
  3 vault wardens
  A fire giant (D:15)
  8 ironheart preservers
  2 deep elf annihilators
  2 merfolk javelineers
  A fire dragon (Lair:6)
  Snorg (D:10)
  A minotaur (Lab)
  3 merfolk impalers
  3 yaktaur captains (Vaults:2)
  2 vault guards
  An ice dragon (Vaults:3)
  3 rakshasas (Vaults:2)
  6 naga warriors
  3 hydras
  A merfolk avatar (Shoals:3)
  6 centaur warriors
  An ogre mage (Vaults:1)
  4 anacondas
  2 satyrs (Shoals:4)
  2 merfolk aquamancers (Shoals:4)
  12 two-headed ogres
  2 death yaks
  9 naga sharpshooters
  3 alligator snapping turtles
  A deep troll earth mage (Vaults:2)
  A deep troll shaman (Vaults:1)
  5 deep elf knights
  An orc high priest (Orc:1)
  2 salamander mystics (Snake:4)
  A fire crab (shapeshifter) (Vaults:1)
  4 skeletal warriors
  2 deep trolls
  4 ironbrand convokers
  2 naga ritualists
  9 sea snakes
  A lindwurm (Snake:4)
  A wizard (Vaults:1)
  4 harpies (Shoals:3)
  4 deep elf archers
  A phantasmal warrior (Vaults:1)
  3 orc knights
  18 deep elf magi
  2 necromancers
  8 mana vipers
  14 ugly things
  A moth of wrath (shapeshifter) (D:14)
  7 salamanders
  2 wolf spiders
  3 manticores
  7 fauns
  A cyclops (Shoals:2)
  3 elephants (Lair:6)
  20 black mambas
  A merfolk siren (Shoals:1)
  A centaur zombie (D:14)
  A black mamba (shapeshifter) (Vaults:1)
  2 water nymphs (Shoals:2)
  A guardian serpent (Snake:4)
  2 molten gargoyles
  A gargoyle (D:15)
  7 naga magi
  6 spiny frogs
  A centaur skeleton (D:15)
  2 vault sentinels
  4 yaktaurs
  2 freezing wraiths
  4 komodo dragons
  7 polar bears
  8 trolls
  6 slime creatures
  2 blink frogs
  20 merfolk
  2 hornets
  A wind drake (Shoals:4)
  7 snapping turtles
  3 air elementals
  A shadow (D:12)
  A redback (Vaults:2)
  A vampire (D:10)
  3 water elementals
  5 wraiths
  2 wyverns (Lair:5)
  2 hogs
  A fire elemental (Elf:2)
  32 yaks
  8 humans (D:13)
  4 basilisks (Lair:6)
  A steam dragon (Lair:5)
  Edmund (D:6)
  26 nagas
  6 wargs
  An acid dragon (D:12)
  16 water moccasins
  2 hell hounds
  9 porcupines
  22 orc warriors
  A black bear (Lair:4)
  3 ice beasts
  An elephant zombie (Lair:3)
  10 ogres
  3 eyes of draining
  3 wolves
  4 crocodiles
  10 centaurs
  A komodo dragon zombie (Lair:3)
  Blork the orc (D:5)
  7 bullfrogs
  A gnoll sergeant (D:6)
  An earth elemental (Elf:1)
  A scorpion (D:8)
  3 killer bees (D:9)
  2 wights (D:6)
  A howler monkey (D:6)
  A lava snake (Lair:6)
  A human simulacrum (Vaults:1)
  5 orc priests
  4 hounds
  14 orc wizards
  A jelly (D:12)
  2 iguanas
  A hell rat (D:14)
  2 worker ants
  A worker ant zombie (D:6)
  2 gnolls
  2 howler monkey skeletons
  5 adders
  2 shadow imps
  A leopard gecko (D:3)
  44 orcs
  A hobgoblin (D:7)
  A ball python (Lair:2)
  5 kobolds
  2 fungi (Lair:2)
  2 plants
607 creatures vanquished.

Vanquished Creatures (others)
  Sojobo (Vaults:2)
  Aizul (Snake:3)
  A deep elf death mage (Vaults:3)
  A centaur warrior (Vaults:3)
  An unseen horror (shapeshifter) (Elf:1)
  2 cyclopes (D:15)
  2 fauns
  A naga mage (Snake:3)
  6 yaktaurs
  A queen bee (IceCv)
  A hornet (IceCv)
  An air elemental (Elf:1)
  A human (Lair:6)
  A golden eye (IceCv)
  A naga (Snake:3)
  3 orc warriors (Orc:2)
  An ogre (Vaults:1)
  2 centaurs
  An adder (Snake:3)
  20 ball lightnings
  4 orcs
  4 kobolds
  A bush (Lair:6)
  26 fungi
  67 plants
  37 tentacles (Shoals:2)
188 creatures vanquished.

Grand Total: 2146 creatures vanquished

Notes
Turn   | Place    | Note
-------+----------+-------------------------------------------
     0 | D:1      | Inarius the Draconian Air Elementalist began the quest for the Orb.
     0 | D:1      | Reached XP level 1. HP: 14/14 MP: 3/3
   344 | D:1      | Reached XP level 2. HP: 22/22 MP: 1/5
   348 | D:1      | Learned a level 2 spell: Swiftness
   559 | D:1      | Reached skill level 1 in Fighting
   710 | D:1      | Found a sparkling altar of Nemelex Xobeh.
   867 | D:1      | Reached XP level 3. HP: 28/28 MP: 3/6
   941 | D:1      | Became a worshipper of Nemelex Xobeh the Trickster
  1346 | D:2      | Received a gift from Nemelex Xobeh
  1816 | D:2      | Found a basalt altar of Yredelemnul.
  1986 | D:2      | Found an ancient bone altar of Kikubaaqudgha.
  2040 | D:3      | Learned a level 3 spell: Static Discharge
  2063 | D:3      | Reached XP level 4. HP: 35/36 MP: 1/7
  2116 | D:3      | Reached * piety under Nemelex Xobeh
  2247 | D:3      | Found a hazy altar of Hepliaklqana.
  2300 | D:3      | Noticed a hornet
  2302 | D:3      | Found a transporter.
  2325 | D:3      | Found a transporter.
  2870 | D:3      | Found a stormy altar of Qazlal.
  2870 | D:3      | Found a burning altar of Makhleb.
  2968 | D:3      | Found an opulent altar of Gozag.
  3217 | D:4      | Reached skill level 1 in Invocations
  3397 | D:4      | Received a gift from Nemelex Xobeh
  3548 | D:4      | Noticed a phantom
  3915 | D:4      | Killed a phantom
  3915 | D:4      | Reached skill level 1 in Charms
  3915 | D:4      | Reached skill level 4 in Air Magic
  3915 | D:4      | Reached XP level 5. HP: 41/41 MP: 4/9
  4072 | D:4      | Reached ** piety under Nemelex Xobeh
  4072 | D:4      | Received a gift from Nemelex Xobeh
  4105 | D:4      | Reached XP level 6. HP: 21/50 MP: 1/10
  4353 | D:5      | Entered Level 5 of the Dungeon
  4361 | D:4      | Learned a level 4 spell: Airstrike
  4630 | D:5      | Received a gift from Nemelex Xobeh
  4683 | D:5      | Found a deep blue altar of Sif Muna.
  4869 | D:5      | Received a gift from Nemelex Xobeh
  5343 | D:5      | Noticed Blork the orc
  5350 | D:5      | Killed Blork the orc
  5583 | D:5      | Your scales start taking on a fiery red colour.
  5583 | D:5      | Reached XP level 7. HP: 56/56 MP: 9/12
  5583 | D:5      | Gained mutation: Your flesh is heat resistant. (rF+) [Red Draconian growth]
  6040 | D:6      | Noticed a wraith
  6136 | D:5      | Killed a wraith
  6406 | D:5      | Reached XP level 8. HP: 17/63 MP: 4/13
  6638 | D:6      | Noticed Edmund
  6646 | D:6      | Killed Edmund
  6922 | D:6      | Learned a level 4 spell: Summon Lightning Spire
  7083 | D:6      | Got a warped spear {pierce}
  7096 | D:6      | Identified the +8 spear of Ibohom {pierce, +Inv Int+7 Dex+6} (You found it on level 6 of the Dungeon)
  7320 | D:6      | Reached *** piety under Nemelex Xobeh
  7320 | D:6      | Received a gift from Nemelex Xobeh
  7490 | D:6      | Noticed a hornet
  7497 | D:6      | Killed a hornet
  7514 | D:6      | Reached skill level 5 in Conjurations
  7514 | D:6      | Reached skill level 5 in Air Magic
  8424 | D:6      | Reached skill level 5 in Spellcasting
  8424 | D:6      | Reached XP level 9. HP: 49/72 MP: 2/16
  9111 | D:6      | Found a shimmering altar of Xom.
  9497 | D:7      | Found a staircase to the Ecumenical Temple.
  9714 | D:7      | Found a glowing silver altar of Zin.
  9819 | D:7      | Received a gift from Nemelex Xobeh
  9887 | D:7      | Reached skill level 5 in Invocations
  9963 | D:7      | Found a shimmering altar of Xom.
 10446 | D:7      | Reached skill level 5 in Fighting
 11170 | D:8      | Learned a level 5 spell: Lightning Bolt
 11245 | D:8      | Noticed a two-headed ogre
 11261 | D:8      | Killed a two-headed ogre
 11261 | D:8      | Reached skill level 6 in Air Magic
 11644 | D:8      | Received a gift from Nemelex Xobeh
 11838 | D:8      | Found a roughly hewn altar of Beogh.
 12005 | D:8      | Found a staircase to the Lair.
 12144 | D:8      | Got a fine whip {slash}
 12150 | D:8      | Noticed a two-headed ogre
 12228 | D:7      | Identified the +7 whip of Cestumar {slash, rN++} (You took it off an orc on level 8 of the Dungeon)
 12263 | D:8      | Killed a two-headed ogre
 12263 | D:8      | Reached skill level 1 in Shields
 12263 | D:8      | Reached skill level 1 in Summonings
 12263 | D:8      | Reached XP level 10. HP: 61/83 MP: 10/19
 12714 | D:8      | Found a bloodstained altar of Trog.
 13123 | D:8      | Noticed a two-headed ogre
 13339 | D:8      | Killed a two-headed ogre
 13757 | D:9      | Reached skill level 7 in Air Magic
 13828 | D:9      | Found a sacrificial altar of Ru.
 14169 | D:9      | Reached **** piety under Nemelex Xobeh
 14169 | D:9      | Received a gift from Nemelex Xobeh
 15296 | D:10     | Entered Level 10 of the Dungeon
 15296 | D:10     | Received a gift from Nemelex Xobeh
 15451 | D:10     | Found a staircase to the Orcish Mines.
 15487 | D:10     | Noticed a two-headed ogre
 15498 | D:10     | Killed a two-headed ogre
 16184 | D:10     | Received a gift from Nemelex Xobeh
 16281 | D:11     | Reached XP level 11. HP: 92/92 MP: 15/21
 16305 | D:11     | Gained mutation: Your flesh is very heat resistant. (rF++) [mutagenic meat]
 16306 | D:11     | Gained mutation: You are weak. (Str -2) [mutagenic meat]
 16308 | D:11     | Gained mutation: You are agile. (Dex +2) [mutagenic meat]
 16309 | D:11     | Gained mutation: You are covered in fur. (AC +1) [mutagenic meat]
 16310 | D:11     | Gained mutation: You are occasionally teleported next to monsters. [mutagenic meat]
 16534 | D:11     | Noticed a two-headed ogre
 16562 | D:11     | Noticed a six-headed hydra
 17282 | D:11     | Killed a six-headed hydra
 17571 | D:11     | Killed a two-headed ogre
 17771 | D:11     | Received a gift from Nemelex Xobeh
 18628 | D:3      | Paralysed by a hornet for 1 turns
 18632 | D:3      | Paralysed by a hornet for 1 turns
 18992 | D:12     | Received a gift from Nemelex Xobeh
 19082 | D:12     | Reached skill level 8 in Air Magic
 19151 | D:12     | Noticed a red ugly thing
 19172 | D:12     | Noticed a purple ugly thing
 19191 | D:12     | Killed a red ugly thing
 19193 | D:12     | Killed a red ugly thing
 19270 | D:12     | Noticed a six-headed hydra
 19657 | D:12     | Noticed an eight-headed hydra
 19678 | D:12     | Killed an eight-headed hydra
 20055 | D:12     | Killed a six-headed hydra
 20305 | D:12     | Reached ***** piety under Nemelex Xobeh
 20332 | D:12     | Received a gift from Nemelex Xobeh
 20707 | Lair:1   | Entered Level 1 of the Lair of Beasts
 21502 | Lair:1   | Received a gift from Nemelex Xobeh
 21626 | Lair:1   | Reached XP level 12. HP: 103/103 MP: 11/24
 22248 | Lair:2   | Noticed Erica
 22281 | Lair:1   | Reached skill level 5 in Dodging
 22628 | Lair:2   | Killed Erica
 22628 | Lair:2   | Reached skill level 9 in Air Magic
 23263 | Lair:2   | Reached skill level 5 in Shields
 23375 | Lair:2   | Found a staircase to the Snake Pit.
 23393 | Lair:2   | Received a gift from Nemelex Xobeh
 23777 | Lair:2   | Found a hazy altar of Hepliaklqana.
 24182 | Lair:3   | Found a bloodstained altar of Trog.
 24435 | Lair:3   | Received a gift from Nemelex Xobeh
 25351 | Lair:3   | Noticed Prince Ribbit
 25355 | Lair:3   | Killed Prince Ribbit
 25761 | Lair:3   | Found a staircase to the Shoals.
 26420 | Lair:4   | Found a frozen archway.
 26431 | Lair:4   | Reached skill level 10 in Spellcasting
 26491 | IceCv    | Entered an ice cave
 26698 | IceCv    | Reached XP level 13. HP: 63/111 MP: 25/27
 27428 | IceCv    | Noticed a frost giant
 27598 | IceCv    | Killed a frost giant
 27902 | IceCv    | Received a gift from Nemelex Xobeh
 28520 | Lair:4   | Found a blossoming altar of Fedhas.
 28804 | Lair:4   | Reached ****** piety under Nemelex Xobeh
 28804 | Lair:4   | Received a gift from Nemelex Xobeh
 29301 | Lair:5   | Found a labyrinth entrance.
 29309 | Lab      | Entered a labyrinth
 29423 | Lab      | Noticed a minotaur
 29429 | Lab      | Killed a minotaur
 29582 | Lair:5   | Reached skill level 10 in Air Magic
 29688 | Lair:5   | Received a gift from Nemelex Xobeh
 30672 | Lair:5   | Received a gift from Nemelex Xobeh
 30963 | Lair:6   | Entered Level 6 of the Lair of Beasts
 31115 | Lair:6   | Reached skill level 10 in Fighting
 31427 | Lair:6   | Found a viscous altar of Jiyva.
 31427 | Lair:6   | Found a staircase to the Slime Pits.
 32567 | Lair:6   | Received a gift from Nemelex Xobeh
 32648 | Lair:6   | Noticed Rupert
 32662 | Lair:6   | Killed Rupert
 32662 | Lair:6   | Reached XP level 14. HP: 69/122 MP: 2/30
 34029 | Lair:6   | Reached skill level 11 in Air Magic
 34356 | Lair:6   | Reached skill level 10 in Conjurations
 34432 | Lair:6   | Found a large runed door.
 34664 | Lair:6   | Found a large runed door.
 35007 | Lair:6   | Noticed Kirke
 35012 | Lair:6   | Noticed a sphinx
 35020 | Lair:6   | Paralysed by a sphinx for 6 turns
 35359 | Lair:5   | Killed Kirke
 36388 | Orc:1    | Entered Level 1 of the Orcish Mines
 36388 | Orc:1    | Found a roughly hewn altar of Beogh.
 36391 | Orc:1    | Noticed Snorg
 36644 | D:10     | HP: 6/122 [Snorg (3)]
 37240 | D:10     | Killed Snorg
 37382 | Orc:1    | Paralysed by an orc sorcerer for 5 turns
 37767 | Orc:2    | Entered Level 2 of the Orcish Mines
 38614 | Orc:2    | Received a gift from Nemelex Xobeh
 39365 | Orc:2    | Found a roughly hewn altar of Beogh.
 39366 | Orc:2    | Found a staircase to the Elven Halls.
 39370 | Orc:2    | Received a gift from Nemelex Xobeh
 39947 | Orc:2    | Reached skill level 10 in Invocations
 40442 | Orc:2    | Found Ifozaej's Assorted Antiques.
 40442 | Orc:2    | Found Zeoheul's Assorted Antiques.
 40444 | Orc:2    | Found Ykixyh Syid's Weapon Shop.
 40446 | Orc:2    | Found Ogaotteu's Armour Emporium.
 40469 | Orc:2    | Bought a +2 pair of gloves of strength for 279 gold pieces
 40469 | Orc:2    | Bought a +2 cloak of poison resistance for 240 gold pieces
 41044 | D:13     | Noticed Nessos
 41050 | D:13     | Killed Nessos
 42141 | D:13     | Reached XP level 15. HP: 130/130 MP: 5/33
 42488 | D:13     | Received a gift from Nemelex Xobeh
 43023 | D:13     | Found a gate to the Vaults.
 43532 | D:13     | Lost mutation: Your flesh is very heat resistant. (rF++) [mutagenic meat]
 43669 | D:13     | Lost mutation: You are agile. (Dex +2) [mutagenic meat]
 43759 | D:14     | Received a gift from Nemelex Xobeh
 43846 | D:14     | Reached skill level 12 in Air Magic
 44344 | D:14     | Paralysed by a floating eye for 3 turns
 44353 | D:14     | Gained mutation: You are resistant to electric shocks. (rElec) [mutagenic meat]
 44354 | D:14     | Gained mutation: You expend magic power (3 MP) to strengthen your wands. [mutagenic meat]
 44395 | D:14     | Found a glowing golden altar of the Shining One.
 44576 | D:14     | Learned a level 4 spell: Iskenderun's Mystic Blast
 44765 | D:14     | Identified a scroll of acquirement
 44769 | D:14     | Got a brightly glowing turquoise ring
 44771 | D:14     | Identified the ring "Zetwuu" {rF+ rC+} (You acquired it on level 14 of the Dungeon)
 46270 | D:15     | Entered Level 15 of the Dungeon
 46289 | D:14     | Gained mutation: Your body sometimes deteriorates upon taking damage. [mutagenic meat]
 46290 | D:14     | Gained mutation: You are agile. (Dex +2) [mutagenic meat]
 46292 | D:14     | Gained mutation: You have large cloven feet. [mutagenic meat]
 46579 | D:15     | Found a staircase to the Depths.
 46580 | D:15     | Noticed a fire giant
 46608 | D:15     | Killed a fire giant
 47071 | D:14     | Gained mutation: You are robust. (+10% HP) [mutagenic meat]
 47072 | D:14     | Gained mutation: Your skin changes colour to match your surroundings (Stealth+). [mutagenic meat]
 47074 | D:14     | Lost mutation: Your body sometimes deteriorates upon taking damage. [mutagenic meat]
 47551 | D:15     | Received a gift from Nemelex Xobeh
 49157 | D:15     | Gained mutation: You are somewhat resistant to further mutation. [mutagenic meat]
 49158 | D:15     | Lost mutation: You are agile. (Dex +2) [mutagenic meat]
 50001 | D:15     | Received a gift from Nemelex Xobeh
 50295 | Snake:1  | Entered Level 1 of the Snake Pit
 50751 | Snake:1  | Reached XP level 16. HP: 142/152 MP: 29/34
 51078 | Snake:1  | Reached skill level 15 in Spellcasting
 51693 | Snake:1  | Noticed Azrael
 51849 | Snake:1  | Received a gift from Nemelex Xobeh
 51922 | Snake:1  | Killed Azrael
 52773 | Snake:2  | Reached skill level 13 in Air Magic
 53408 | Snake:2  | Received a gift from Nemelex Xobeh
 53766 | Snake:2  | Received a gift from Nemelex Xobeh
 54602 | Snake:2  | Found Etobia's Jewellery Boutique.
 54603 | Snake:2  | Found Gownoehasa's Gadget Shoppe.
 54604 | Snake:2  | Found Geshraeva's Jewellery Boutique.
 54614 | Snake:2  | Bought the amulet "Lailiq" {Reflect Int+2 SH+2} for 317 gold pieces
 54627 | Snake:2  | Bought an uncursed ring of protection from magic for 425 gold pieces
 55093 | Snake:3  | Received a gift from Nemelex Xobeh
 55291 | Snake:3  | Noticed Aizul
 55517 | Snake:3  | Killed Aizul
 56857 | Snake:3  | Found Nenky's General Store.
 57278 | Snake:3  | Found a stormy altar of Qazlal.
 57729 | Shoals:1 | Entered Level 1 of the Shoals
 59419 | Shoals:1 | Received a gift from Nemelex Xobeh
 59691 | Shoals:1 | Reached XP level 17. HP: 160/163 MP: 0/36
 60496 | Shoals:2 | Received a gift from Nemelex Xobeh
 60538 | Shoals:2 | Noticed Polyphemus
 61798 | Shoals:1 | Reached skill level 14 in Air Magic
 62168 | Shoals:2 | Killed Polyphemus
 62497 | Shoals:2 | Received a gift from Nemelex Xobeh
 62581 | Shoals:2 | Reached skill level 5 in Charms
 62958 | Shoals:3 | Reached skill level 5 in Summonings
 64756 | Shoals:2 | Lost mutation: You expend magic power (3 MP) to strengthen your wands. [potion of mutation]
 64756 | Shoals:2 | Lost mutation: You are somewhat resistant to further mutation. [potion of mutation]
 64756 | Shoals:2 | Lost mutation: You are robust. (+10% HP) [potion of mutation]
 64756 | Shoals:2 | Gained mutation: Your system is resistant to poisons. (rPois) [potion of mutation]
 64756 | Shoals:2 | Gained mutation: You evolve. [potion of mutation]
 64756 | Shoals:2 | Gained mutation: Your large and strong wings let you fly indefinitely. [potion of mutation]
 64756 | Shoals:2 | Gained mutation: You have supernaturally acute eyesight. (SInv) [potion of mutation]
 64827 | Shoals:3 | Found Nufe Uwa's Armour Shop.
 64856 | Shoals:3 | Received a gift from Nemelex Xobeh
 65136 | Shoals:3 | Noticed Ilsuiw
 65646 | Elf:1    | Entered Level 1 of the Elven Halls
 65689 | Elf:1    | Noticed Asterion
 66034 | Elf:1    | Killed Asterion
 67779 | Elf:1    | Found Teos's Magic Scroll Boutique.
 67787 | Elf:1    | Bought a scroll of teleportation for 45 gold pieces
 67787 | Elf:1    | Bought a scroll of magic mapping for 52 gold pieces
 67787 | Elf:1    | Bought a scroll of magic mapping for 52 gold pieces
 67787 | Elf:1    | Bought a scroll of magic mapping for 52 gold pieces
 67804 | Elf:1    | Received a gift from Nemelex Xobeh
 68345 | Elf:1    | Identified Kikubaaqudgha's Incunabulum of Black Arts
 68759 | Elf:2    | Reached skill level 15 in Air Magic
 69024 | Elf:2    | Identified the Collected Works on Aerial Snow (You acquired it on level 2 of the Elven Halls)
 69035 | Elf:2    | Learned a level 6 spell: Conjure Ball Lightning
 69339 | Elf:2    | Found Xiucaf's Gadget Boutique.
 69609 | Elf:2    | Reached XP level 18. HP: 120/159 MP: 28/37
 69953 | Elf:2    | Found a runed gate.
 69953 | Elf:2    | Found a runed gate.
 69953 | Elf:2    | Found a runed gate.
 70857 | Elf:2    | Gained mutation: Your flesh is cold resistant. (rC+) [evolution]
 71303 | Elf:2    | Received a gift from Nemelex Xobeh
 71981 | Snake:4  | Entered Level 4 of the Snake Pit
 73419 | Snake:4  | Reached skill level 16 in Air Magic
 73424 | Snake:4  | Gained mutation: Your body sometimes deteriorates upon taking damage. [mutagenic meat]
 73426 | Snake:4  | Lost mutation: Your system is resistant to poisons. (rPois) [mutagenic meat]
 73427 | Snake:4  | Gained mutation: You are robust. (+10% HP) [mutagenic meat]
 74752 | Snake:4  | Lost mutation: You are robust. (+10% HP) [mutagenic meat]
 74753 | Snake:4  | Lost mutation: You are covered in fur. (AC +1) [mutagenic meat]
 76100 | Snake:4  | Reached skill level 15 in Conjurations
 76103 | Snake:4  | Gained mutation: You can translocate small distances at will. [mutagenic meat]
 76106 | Snake:4  | Gained mutation: Your magical capacity is low. (-10% MP) [mutagenic meat]
 76703 | Snake:4  | Gained mutation: You are resistant to hostile enchantments. (MR+) [mutagenic meat]
 76704 | Snake:4  | Lost mutation: You evolve. [mutagenic meat]
 77630 | Snake:2  | Bought an uncursed amulet of the gourmand for 600 gold pieces
 77869 | Elf:1    | Learned a level 9 spell: Tornado
 78255 | Snake:4  | Received a gift from Nemelex Xobeh
 78469 | Snake:4  | Reached XP level 19. HP: 151/168 MP: 5/34
 78615 | Snake:4  | Lost mutation: Your body sometimes deteriorates upon taking damage. [potion of mutation]
 78615 | Snake:4  | Lost mutation: Your magical capacity is low. (-10% MP) [potion of mutation]
 78615 | Snake:4  | Lost mutation: You are weak. (Str -2) [potion of mutation]
 78615 | Snake:4  | Lost mutation: Your flesh is cold resistant. (rC+) [potion of mutation]
 78615 | Snake:4  | Lost mutation: You are resistant to hostile enchantments. (MR+) [potion of mutation]
 78615 | Snake:4  | Gained mutation: Your tail ends in a poisonous barb. [potion of mutation]
 78615 | Snake:4  | Gained mutation: You have hoof-like feet. [potion of mutation]
 78616 | Snake:4  | Lost mutation: You have supernaturally acute eyesight. (SInv) [potion of mutation]
 78616 | Snake:4  | Lost mutation: You have hoof-like feet. [potion of mutation]
 78616 | Snake:4  | Lost mutation: Your tail ends in a poisonous barb. [potion of mutation]
 78616 | Snake:4  | Lost mutation: You are resistant to electric shocks. (rElec) [potion of mutation]
 78616 | Snake:4  | Gained mutation: You passively map a small area around you. [potion of mutation]
 78616 | Snake:4  | Gained mutation: You are somewhat resistant to further mutation. [potion of mutation]
 78684 | Snake:4  | Got a serpentine rune of Zot
 80312 | Shoals:2 | Killed Ilsuiw
 81540 | Shoals:4 | Entered Level 4 of the Shoals
 84782 | Shoals:4 | Reached skill level 17 in Air Magic
 86029 | Shoals:4 | Got a twisted long sword
 86047 | Shoals:4 | Identified the cursed +0 long sword of Res Nullius {slice, rElec rPois rC- Str+4} (You found it on level 4 of the Shoals)
 86052 | Shoals:4 | Received a gift from Nemelex Xobeh
 87170 | Shoals:4 | Reached skill level 15 in Fighting
 88742 | Shoals:4 | Received a gift from Nemelex Xobeh
 88973 | Shoals:4 | Got a barnacled rune of Zot
 89934 | Vaults:1 | Entered Level 1 of the Vaults
 91788 | Vaults:1 | Reached XP level 20. HP: 145/178 MP: 18/40
 93355 | Vaults:1 | Got an ancient hunting sling
 93358 | Vaults:1 | Identified the +6 hunting sling of Agony {freeze, Int+4} (You took it off a vault sentinel on level 1 of the Vaults)
 93940 | Vaults:1 | Reached skill level 15 in Invocations
 95763 | Vaults:1 | Received a gift from Nemelex Xobeh
 96016 | Vaults:1 | Found Liodylug's Antique Weapon Boutique.
 98121 | Vaults:1 | Noticed a juggernaut
 98121 | Vaults:1 | a titan changed into a juggernaut
 98144 | Vaults:1 | Killed a juggernaut
 99039 | Vaults:2 | Noticed Bai Suzhen
 99098 | Vaults:2 | Noticed Sojobo
 99119 | Vaults:2 | Killed Sojobo
 99120 | Vaults:2 | Reached XP level 21. HP: 145/187 MP: 20/41
 99122 | Vaults:2 | Killed Bai Suzhen
100467 | Vaults:2 | Reached skill level 18 in Air Magic
101280 | Vaults:2 | Got a slimy short sword {speed}
101282 | Vaults:2 | Identified the +8 short sword of the Doomed Warrior {speed, +Blink Int-5 SInv} (You took it off an orc knight on level 2 of the Vaults)
103629 | Vaults:3 | Received a gift from Nemelex Xobeh
103987 | Vaults:2 | Killed from afar by a shock serpent

Skill      XL: |  1  2  3  4  5  6  7  8  9 10 11 12 13 14 15 16 17 18 19 20 21 |
---------------+----------------------------------------------------------------+-----
Fighting       | 1 2 3 4 6 7 8 9 10 11 12 13 14 15 16 | 16.3
Dodging        | 2 3 4 5 6 7 8 |  8.9
Conjurations   | 2 3 4 5 6 7 8 9 10 11 12 13 15 16 17 | 17.0
Invocations    | 1 2 3 4 5 7 8 9 10 11 12 13 14 15 | 15.9
Charms         | 1 2 3 4 5 |  5.3
Air Magic      | 4 5 6 7 8 9 10 11 12 13 15 16 17 18 | 18.2
Spellcasting   | 3 5 6 7 8 10 12 14 15 16 17 | 17.0
Shields        | 1 3 4 5 6 7 9 |  9.7
Summonings     | 1 2 3 4 5 6 |  6.7
Stealth        | |  1.7
Evocations     | |  0.2

Action                   |  1- 3 |  4- 6 |  7- 9 | 10-12 | 13-15 | 16-18 | 19-21 || total
-------------------------+-------+-------+-------+-------+-------+-------+-------++-------
Melee: Spear             |    27 |       |    61 |   214 |   445 |   320 |   245 ||  1312
       Tailslap          |     3 |     7 |    10 |    27 |    66 |    37 |    39 ||   189
       Dagger            |    20 |    61 |    15 |       |       |       |       ||    96
       Unarmed           |       |       |       |       |     1 |       |       ||     1
 Cast: Shock             |    79 |    93 |   226 |    53 |     7 |       |       ||   458
       Static Discharge  |       |     3 |    24 |    20 |    45 |    15 |    15 ||   122
       Airstrike         |       |     1 |    24 |    72 |   112 |   149 |   103 ||   461
       Swiftness         |       |       |     7 |    16 |    67 |    62 |    68 ||   220
       Summon Lightning  |       |       |    12 |    80 |   164 |   212 |   217 ||   685
       Lightning Bolt    |       |       |     5 |    85 |   381 |   556 |   625 ||  1652
       Iskenderun's Myst |       |       |       |       |     1 |     8 |     1 ||    10
       Conjure Ball Ligh |       |       |       |       |       |     3 |     6 ||     9
Invok: Stack Five        |       |       |       |       |       |     1 |       ||     1
 Abil: Breathe Fire      |       |       |     1 |       |     1 |     1 |     5 ||     8
       Fly               |       |       |       |       |       |     9 |    15 ||    24
       Stop Flying       |       |       |       |       |       |     9 |    15 ||    24
       Evoke Invisibilit |       |       |       |       |       |     1 |       ||     1
Evoke: Deck              |     1 |     5 |    20 |    29 |    53 |    26 |    46 ||   180
       Wand              |       |       |       |       |     1 |     1 |       ||     2
  Use: Scroll            |       |     4 |     2 |    13 |    15 |    20 |    12 ||    66
       Potion            |       |     1 |     1 |     4 |     4 |     5 |     6 ||    21
 Stab: Sleeping          |     1 |     1 |     1 |       |       |     1 |       ||     4
       Distracted        |       |       |       |     7 |    10 |    18 |     7 ||    42
  Eat: Chunk             |     5 |     8 |    22 |    35 |    60 |    52 |    87 ||   269
       Bread ration      |       |     1 |     1 |     8 |     6 |     4 |       ||    20
       Fruit             |       |       |     1 |     2 |    16 |    13 |     4 ||    36
       Meat ration       |       |       |       |     1 |     1 |     5 |       ||     7
       Royal jelly       |       |       |       |       |     2 |     3 |       ||     5
Armor: Skin              |    13 |    17 |    20 |    58 |   160 |   192 |   241 ||   701
Dodge: Dodged            |    34 |    42 |    52 |   172 |   382 |   376 |   535 ||  1593
Block: Other             |       |    20 |    13 |    21 |     1 |       |       ||    55
       Reflection        |       |     1 |     4 |     3 |    66 |   108 |    76 ||   258
       Buckler           |       |       |       |    50 |   104 |       |       ||   154
       Shield            |       |       |       |       |   385 |   555 |   492 ||  1432
